 Dungeon Crawl Stone Soup version 0.28-a0-674-gdaf460b524 (webtiles) character file.

Game seed: 3219144427328962776

2316 MisterAzrael the Carver (level 9, 0/78 HPs)
             Began as a Minotaur Fighter on Oct 18, 2021.
             Was an Initiate of Okawaru.
             Engulfed by a cloud of flame (12 damage)
             ... on level 6 of the Dungeon.
             The game lasted 00:05:40 (6097 turns).

MisterAzrael the Carver (Minotaur Fighter)          Turns: 6097, Time: 00:05:41

Health: 0/78       AC: 14    Str: 24    XL:     9   Next: 18%
Magic:  8/8        EV:  7    Int:  5    God:    Okawaru [......]
Gold:   239        SH:  5    Dex: 10    Spells: 8/8 levels left

rFire   + . .      SeeInvis .   a - +0 long sword
rCold   x . .      Faith    .   c - +0 buckler
rNeg    . . .      Spirit   .   x - +0 plate armour
rPois   .          Reflect  .   (helmet restricted)
rElec   .          Harm     .   (no cloak)
rCorr   .          Rampage  .   (no gloves)
Will    .....                   A - +0 pair of boots
Stlth   ..........              (no amulet)
HPRegen 0.23/turn               r - +4 ring of slaying
MPRegen 0.11/turn               q - ring of fire

@: no status effects
A: horns 2, retaliatory headbutt
a: Renounce Religion


You were on level 6 of the Dungeon.
You worshipped Okawaru.
Okawaru was noncommittal.
You visited 2 branches of the dungeon, and saw 7 of its levels.

You collected 239 gold pieces.

Inventory:

Hand Weapons
 a - a +0 long sword (weapon)
 b - a +0 hunting sling
Missiles
 f - 37 sling bullets
 p - 2 silver boomerangs (quivered)
Armour
 c - a +0 buckler (worn)
 i - a +0 scale mail
 x - a +0 plate armour (worn)
 A - a +0 pair of boots (worn)
Jewellery
 q - a ring of fire (right hand)
 r - a +4 ring of slaying (left hand)
 v - a ring of fire
Scrolls
 d - a scroll of enchant armour {unknown}
 e - a scroll of vulnerability {unknown}
 j - a scroll of teleportation {unknown}
 k - 3 scrolls of fear {unknown}
 l - 4 scrolls of identify {unknown}
 m - 2 scrolls of magic mapping {unknown}
 t - a scroll of noise {unknown}
 w - 2 scrolls of blinking {unknown}
 y - a scroll of amnesia {unknown}
 z - a scroll of enchant weapon {unknown}
Potions
 g - 3 potions of degeneration {unknown}
 h - 4 potions of berserk rage {unknown}
 n - 5 potions of heal wounds {unknown}
 o - a potion of brilliance {unknown}
 s - a potion of haste {unknown}
 u - a potion of cancellation {unknown}


   Skills:
 + Level 6.7 Fighting
 * Level 8.2 Long Blades
 * Level 7.0 Slings
 - Level 6.5 Armour
 - Level 6.5 Shields
 + Level 0.6 Invocations


You had 8 spell levels left.
You didn't know any spells.
Your spell library contained the following spells:

 Spells                   Type           Power      Damage    Failure   Level
 Sting                    Tmut/Pois      0%         1d3       100%        1
 Poisonous Vapours        Pois/Air       0%         N/A       100%        2
 Olgreb's Toxic Radiance  Pois           0%         N/A       100%        4


Dungeon Overview and Level Annotations

Branches:
Dungeon (6/15)             Temple (1/1) D:4

Altars:
Cheibriados
Dithmenos
Elyvilon
Gozag
Hepliaklqana
Makhleb
Okawaru
Qazlal
Sif Muna
Uskayaw
Vehumet
Wu Jian
Xom
The Shining One

Annotations:
D:4 2 runed translucent doors


Innate Abilities, Weirdness & Mutations

You have a pair of horns on your head.
You reflexively headbutt those who attack you in melee.


Message History

Okay, then.
Things that are here:
a +0 halberd; a +0 robe
Things that are here:
a +0 mace; a +0 robe You start resting.
You feel a little less mighty now.
You start resting.
Qazlal causes a mighty clap of thunder!
Qazlal incites the elements against you!
A fire crab and a fire elemental come into view.
You hear an angry hiss.
You hear a roar!
The fire crab bites you.
You are engulfed in flames.
You resist. You block the fire crab's attack.
You slash the fire crab!
The fire crab is lightly wounded.
You hit the fire crab. You headbutt the fire crab!
The fire crab is heavily wounded.
The fire crab bites you but does no damage.
You block the fire crab's attack.
You hit the fire crab but do no damage.
The fire crab is heavily wounded.
The fire crab breathes flames at you. The blast of flame engulfs you.
You resist.
You hit the fire crab but do no damage. You headbutt the fire crab!
The fire crab is severely wounded.
You are engulfed in blazing flames.
You resist.
The fire crab bites you but does no damage.
The fire crab claws you but does no damage.
You slash the fire crab! You headbutt the fire crab!
You kill the fire crab!
That felt strangely unrewarding.
You are engulfed in blazing flames.
You resist.
* * * LOW HITPOINT WARNING * * *
The fire elemental hits you. The fire elemental burns you! You resist.
* * * LOW HITPOINT WARNING * * *
You hit the fire elemental.
The fire elemental is lightly damaged.
You are engulfed in blazing flames.
You resist.
You die...

..... #.###.#.#.##..#.#
......#.#.......###.#.#
......#.#.#.....# #.#.#
................# #...#
......#°#.#.....# ##..#
##.## #°#.#....... ..#
#°#.#....### ..#
#°#.#......
#@######.### #######E#
## #......°#
#......°#.##
#.....°##.._
#.....°.... #........+.
#........#
#.###......###


You could see a fire elemental.

Vanquished Creatures
  A fire crab (D:6)
  6 yaks
  A steam dragon (D:6)
  A water moccasin (D:6)
  An ice beast (D:4)
  2 black bears
  An ogre (D:5)
  A phantom (D:5)
  A scorpion (D:5)
  4 wights (D:6)
  3 hounds
  An orc priest (D:6)
  2 jellies (D:5)
  A bullfrog skeleton (D:5)
  2 centaur skeletons
  An iguana (D:4)
  A scorpion zombie (D:5)
  3 hound skeletons (D:5)
  6 adders
  3 gnolls (D:4)
  2 shadow imps (D:5)
  2 worms (D:2)
  A dart slug (D:3)
  13 orcs
  3 ball pythons
  5 bats
  4 endoplasms
  5 giant cockroaches
  7 goblins
  3 hobgoblins (D:3)
  4 jackals (D:1)
  5 kobolds
  5 quokkas
  A frilled lizard (D:1)
  3 rats
105 creatures vanquished.

Notes
Turn   | Place    | Note
-------+----------+-------------------------------------------
     0 | D:1      | MisterAzrael the Minotaur Fighter began the quest for the
                  | Orb.
     0 | D:1      | Reached XP level 1. HP: 19/19 MP: 0/0
   131 | D:1      | Reached XP level 2. HP: 23/27 MP: 1/1
   197 | D:1      | Found a faded altar of an unknown god.
   210 | D:1      | Prayed at the altar of an unknown god.
   210 | D:1      | Became a worshipper of Qazlal Stormbringer
   210 | D:1      | Reached * piety under Qazlal
   964 | D:2      | Reached skill level 3 in Long Blades
  1067 | D:2      | Reached skill level 1 in Slings
  1067 | D:2      | Reached XP level 3. HP: 30/33 MP: 2/2
  1946 | D:3      | Reached XP level 4. HP: 36/40 MP: 3/3
  2204 | D:3      | You fall into a shaft and drop 3 floors!
  2211 | D:6      | Noticed a black bear
  2217 | D:6      | Killed a black bear
  2218 | D:6      | Reached skill level 4 in Long Blades
  2218 | D:6      | Reached XP level 5. HP: 41/47 MP: 4/4
  2268 | D:6      | Noticed a steam dragon
  2272 | D:6      | Killed a steam dragon
  2273 | D:6      | Reached XP level 6. HP: 51/53 MP: 5/5
  2318 | D:6      | Reached ** piety under Qazlal
  2689 | D:6      | Noticed a water moccasin
  2698 | D:6      | Killed a water moccasin
  2699 | D:6      | Reached skill level 5 in Long Blades
  3013 | D:5      | Entered Level 5 of the Dungeon
  3013 | D:5      | Noticed a yak
  3014 | D:5      | Noticed a yak
  3014 | D:5      | Noticed a yak
  3014 | D:5      | Noticed a yak
  3015 | D:5      | Noticed a yak
  3019 | D:5      | Noticed a yak
  3022 | D:5      | Killed a yak
  3023 | D:5      | Reached skill level 5 in Fighting
  3023 | D:5      | Reached skill level 5 in Armour
  3023 | D:5      | Reached skill level 5 in Shields
  3023 | D:5      | Reached XP level 7. HP: 59/61 MP: 6/6
  3028 | D:6      | Killed a yak
  3042 | D:6      | Killed a yak
  3043 | D:6      | Reached skill level 6 in Long Blades
  3046 | D:6      | Killed a yak
  3047 | D:6      | Reached skill level 5 in Slings
  3047 | D:6      | Reached XP level 8. HP: 20/70 MP: 7/7
  3369 | D:5      | Reached skill level 7 in Long Blades
  3447 | D:5      | Found a shimmering blue altar of Sif Muna.
  4353 | D:5      | Reached XP level 9. HP: 78/78 MP: 8/8
  4483 | D:4      | Found a large runed translucent door.
  4484 | D:4      | Found a large runed translucent door.
  4534 | D:4      | Found a staircase to the Ecumenical Temple.
  4563 | Temple   | Entered the Ecumenical Temple
  4980 | D:4      | Found a hide-covered altar of Uskayaw.
  5243 | D:4      | Reached skill level 8 in Long Blades
  5492 | D:4      | Found a shadowy altar of Dithmenos.
  5492 | D:4      | Found an iron altar of Okawaru.
  5642 | D:4      | Fell from the grace of Qazlal
  5642 | D:4      | Became a worshipper of Warmaster Okawaru
  5991 | D:6      | Found a burning altar of Makhleb.
  6089 | D:6      | Noticed a fire crab
  6096 | D:6      | Killed a fire crab
  6097 | D:6      | Engulfed by a cloud of flame

Illustrated notes

Levels and vault maps discovered:
D:1:      heliophobic_arrival_enchanted_forest, layout_loops_ring,
          basic_ecumenical_altar, minmay_misc_feat_roman
D:2:      layout_basic, grunt_decor_resistance, minmay_unequal
D:3:      layout_basic, minmay_pentomino_pile
D:4:      layout_gridville, nicolae_uskayaw_dance_hall,
          gammafunk_temple_overflow_statue, jmf_multi_god_temple2,
          minmay_temple_entry_crystal_x
D:5:      minmay_inner_zag, layout_basic, mainiacjoe_overflow_small_starburst
D:6:      layout_basic, grunt_temple_overflow_order_and_chaos_2, glass_columns_a
Temple:   kb_temple_of_zot

Skill      XL: |  1  2  3  4  5  6  7  8  9 |
---------------+----------------------------+-----
Long Blades    | 3 4 5 6 7 8 |  8.2
Fighting       | 4 5 6 |  6.7
Slings         | 1 2 3 4 5 6 7 |  7.0
Armour         | 4 5 6 |  6.5
Shields        | 4 5 6 |  6.5
Invocations    | |  0.6

Action                   |  1- 3 |  4- 6 |  7- 9 || total
-------------------------+-------+-------+-------++-------
Melee: Long sword        |    50 |    38 |   153 ||   241
       Headbutt          |    10 |     9 |    31 ||    50
 Fire: Hunting sling     |     3 |       |       ||     3
  Use: Potion            |       |     1 |     1 ||     2
Armor: Scale mail        |    30 |    11 |    25 ||    66
       Plate armour      |       |       |    44 ||    44
Dodge: Dodged            |    23 |    10 |    45 ||    78
Block: Buckler           |    14 |    13 |    43 ||    70

Table legend: (Time is in decaauts)
 A = Elapsed time spent in this place.
 B = Non-inter-level travel time spent in this place.
 C = Inter-level travel time spent in this place.
 D = Time resting spent in this place.
 E = Time spent auto-exploring this place.
 F = Levels seen in this place.
 G = Mean time per level.
                   A        B        C        D        E       F      G
               +--------+--------+--------+--------+--------+-----+--------+
         Total |   6122 |   5929 |    193 |   1230 |   3886 |   7 |  874.6 |
       Dungeon |   6004 |   5811 |    193 |   1230 |   3801 |   6 | 1000.7 |
        Temple |    118 |    118 |      0 |      0 |     85 |   1 |  118.0 |
               +--------+--------+--------+--------+--------+-----+--------+

Top non-repeatable levels by time:
     D:6: 1263 daAuts
     D:4: 1195 daAuts
     D:5: 1075 daAuts
     D:2: 1047 daAuts
     D:1: 891 daAuts
     D:3: 531 daAuts
  Temple: 118 daAuts
